 Dungeon Crawl Stone Soup version 0.30-a0-304-gdc4b735fe1 (webtiles) character file.

Game seed: 14762233922425817155

172 byup the Ruffian (level 5, -4/45 HPs)
             Began as a Ghoul Gladiator on Oct 21, 2022.
             Was a Believer of Uskayaw.
             Killed from afar by Sigmund (6 damage)
             ... with a puff of flame
             ... on level 4 of the Dungeon.
             The game lasted 00:17:00 (3057 turns).

byup the Ruffian (Ghoul Gladiator)                  Turns: 3057, Time: 00:17:01

Health: -4/45      AC: 10    Str: 20    XL:     5   Next: 52%
Magic:  4/4        EV:  8    Int:  3    God:    Uskayaw [**....]
Gold:   158        SH:  0    Dex: 10    Spells: 4/4 levels left

rFire   . . .      SeeInvis .    p - +2 short sword (speed)
rCold   + . .      Faith    .    (no shield)
rNeg    + + +      Spirit   .    i - +0 chain mail
rPois   ∞          Reflect  .    b - +0 helmet
rElec   .          Harm     .    r - +0 cloak
rCorr   .          Rampage  .    (no gloves)
Will    .....                    (no boots)
Stlth   ..........               (no amulet)
HPRegen 0.00/turn                (no ring)
MPRegen 0.09/turn                (no ring)

@: inhibited regen
A: claws 1, cold resistance 1, negative energy resistance 3, inhibited
regeneration, torment resistance 2, devour on kill
a: Renounce Religion, Stomp, Line Pass


You were on level 4 of the Dungeon.
You worshipped Uskayaw.
Uskayaw was noncommittal.
You visited 1 branch of the dungeon, and saw 4 of its levels.

You collected 158 gold pieces.

Inventory:

Hand Weapons
 j - a +2 dagger of venom
 p - a +2 short sword of speed (weapon)
Missiles
 c - 3 throwing nets (quivered)
 g - 31 stones
Armour
 a - a +0 leather armour
 b - a +0 helmet (worn)
 i - a +0 chain mail (worn)
 r - a +0 cloak (worn)
Scrolls
 e - a scroll of enchant armour {unknown}
 k - 3 scrolls of identify {unknown}
 l - 3 scrolls of poison {unknown}
 m - a scroll of immolation {unknown}
 q - a scroll of magic mapping {unknown}
 s - a scroll of fog {unknown}
Potions
 d - a potion of might {unknown}
 f - 2 potions of haste {unknown}
 h - 2 potions of curing {unknown}
 o - 2 potions of brilliance {unknown}


   Skills:
 + Level 3.0 Fighting
 * Level 1.4 Short Blades
 + Level 2.1 Throwing
 + Level 1.5 Armour
 + Level 3.1 Dodging
 + Level 4.7 Unarmed Combat


You had 4 spell levels left.
You didn't know any spells.
Your spell library contained the following spells:

 Spells                   Type           Power      Damage    Failure   Level
 Gell's Gravitas          Tloc           0%         N/A       100%        3
 Lesser Beckoning         Tloc           0%         N/A       100%        3
 Teleport Other           Tloc           0%         N/A       100%        3


Dungeon Overview and Level Annotations

Branches:
Dungeon (4/15)
 Temple: D:4-7

Altars:
Okawaru
Uskayaw
Xom

Annotations:
D:4 Sigmund


Innate Abilities, Weirdness & Mutations

You are immune to poison.
You have sharp fingernails.
Your flesh is cold resistant. (rC+)
You are immune to negative energy. (rN+++)
You do not regenerate when monsters are visible.
You are immune to unholy pain and torment.
You thrive by killing the living.


Message History

The black bear is lightly wounded.
You hit the black bear.
The black bear is lightly wounded.
The black bear closely misses you. The black bear claws you.
The black bear claws you but does no damage.
You hit the black bear.
The black bear is moderately wounded.
You hit the black bear but do no damage.
The black bear is moderately wounded.
Sigmund hits you but does no damage. The black bear bites you.
The black bear claws you.
* * * LOW HITPOINT WARNING * * *
The black bear claws you but does no damage.
You hit the black bear but do no damage.
You claw the black bear.
The black bear is moderately wounded.
The black bear closely misses you.
The black bear claws you but does no damage. x2
You can now pass through a line of other dancers.
The black bear attacks as you move away!
The black bear bites you.
* * * LOW HITPOINT WARNING * * *
The black bear barely misses you.
The black bear claws you but does no damage.
Sigmund gestures wildly while chanting.
Sigmund flickers and vanishes!
Deactivating autopickup; reactivate with Ctrl-A.
You completely miss the black bear.
The black bear is moderately wounded.
You hit the black bear.
The black bear is moderately wounded.
The black bear barely misses you.
The black bear claws you but does no damage. x2
The black bear bites you but does no damage.
The black bear claws you.
* * * LOW HITPOINT WARNING * * *
The black bear barely misses you.
A puff of flame appears from out of thin air!
The puff of flame hits you.
You die...

##.........#.........
.....................
#.............#....#
!............#....# #
#.................
#.##...........##....
#........#.........##
#.####..h..###.......##
#...<.@..{.......##..##
########..######.##....
#..# #.# .... #..# #.#
#.## #..# #.# #.## ###
###


You could see a black bear.

Vanquished Creatures
  5 gnolls
  4 adders
  2 worms
  3 dart slugs
  6 orcs (D:3)
  6 bats
  5 endoplasms
  2 giant cockroaches (D:2)
  6 goblins
  3 hobgoblins
  4 jackals (D:1)
  4 quokkas
  4 ball pythons
  4 frilled lizards
  7 kobolds
  5 rats
70 creatures vanquished.

Vanquished Creatures (others)
  A fungus (D:3)
  A plant (D:3)
2 creatures vanquished.

Grand Total: 72 creatures vanquished

Notes
Turn   | Place    | Note
-------+----------+-------------------------------------------
     0 | D:1      | byup the Ghoul Gladiator began the quest for the Orb.
     0 | D:1      | Reached XP level 1. HP: 17/17 MP: 0/0
    38 | D:1      | Reached XP level 2. HP: 25/25 MP: 1/1
   457 | D:1      | Reached skill level 4 in Unarmed Combat
   596 | D:1      | Reached XP level 3. HP: 24/30 MP: 2/2
  1262 | D:2      | Reached XP level 4. HP: 37/37 MP: 3/3
  1530 | D:2      | Reached skill level 1 in Armour
  1620 | D:2      | Reached XP level 5. HP: 22/44 MP: 4/4
  2175 | D:3      | Reached skill level 1 in Short Blades
  2347 | D:3      | Found an iron altar of Okawaru.
  2505 | D:3      | Found a shimmering altar of Xom.
  2742 | D:3      | Found a faded altar of an unknown god.
  2756 | D:3      | Prayed at the altar of an unknown god.
  2756 | D:3      | Became a worshipper of Uskayaw the Reveller
  2756 | D:3      | Reached * piety under Uskayaw
  3015 | D:4      | Noticed a black bear
  3015 | D:4      | Noticed Sigmund
  3049 | D:4      | Reached ** piety under Uskayaw
  3056 | D:4      | HP: 2/45 [black bear (2)]
  3057 | D:4      | Killed from afar by Sigmund

Illustrated notes

Levels and vault maps discovered:
D:1:      matt_arrival_los_fun, layout_basic
D:2:      layout_loops_cross
D:3:      layout_loops_ring, mainiacjoe_overflow_brackets,
          general_overflow_altar, shapermc_ecumenical_altar_petra
D:4:      layout_basic, kennysheep_mini, minmay_temple_entry_nine_rooms,
          uniq_sigmund

Skill      XL: |  1  2  3  4  5 |
---------------+----------------+-----
Unarmed Combat | 4 |  4.7
Dodging        | 3 |  3.1
Throwing       | 2 |  2.1
Armour         | 1 |  1.5
Short Blades   | 1 |  1.4
Fighting       | 3 |  3.0

Action                   |  1- 3 |  4- 6 || total
-------------------------+-------+-------++-------
Melee: Unarmed           |    43 |       ||    43
       Punch             |     3 |     4 ||     7
       Dagger            |    42 |    71 ||   113
       Short sword       |       |    79 ||    79
Throw: Javelin           |     6 |     6 ||    12
       Throwing net      |     3 |     1 ||     4
Armor: Leather armour    |    19 |       ||    19
       Chain mail        |    40 |    91 ||   131
Dodge: Dodged            |    55 |    63 ||   118

Table legend: (Time is in decaauts)
 A = Elapsed time spent in this place.
 B = Non-inter-level travel time spent in this place.
 C = Inter-level travel time spent in this place.
 D = Time resting spent in this place.
 E = Time spent auto-exploring this place.
 F = Levels seen in this place.
 G = Mean time per level.
                   A        B        C        D        E       F      G
               +--------+--------+--------+--------+--------+-----+--------+
         Total |   3024 |   2978 |     46 |      0 |    965 |   4 |  756.0 |
       Dungeon |   3024 |   2978 |     46 |      0 |    965 |   4 |  756.0 |
               +--------+--------+--------+--------+--------+-----+--------+

Top non-repeatable levels by time:
     D:2: 1117 daAuts
     D:1: 959 daAuts
     D:3: 880 daAuts
     D:4: 67 daAuts
